 Dungeon Crawl Stone Soup version 0.22-a0-614-g34fbaa0 (webtiles) character file.

142 EloyTheNewbi the Skirmisher (level 5, 0/41 HPs)
             Began as a Demonspawn Abyssal Knight on July 14, 2018.
             Was a Follower of Lugonu.
             Slain by Sigmund
             ... wielding a cursed -3 scythe
              (2 damage)
             ... on level 3 of the Dungeon.
             The game lasted 00:10:00 (2784 turns).

EloyTheNewbi the Skirmisher (DsAK)                  Turns: 2784, Time: 00:10:00

Health: 0/41       AC:  5    Str: 14    XL:     5   Next: 3%
Magic:  7/7        EV:  8    Int: 13    God:    Lugonu [*.....]
Gold:   52         SH:  0    Dex: 12    Spells: 4/4 levels left

rFire    . . .     SeeInvis .   a - +2 falchion
rCold    . . .     Gourm    .   (no shield)
rNeg     . . .     Faith    .   e - +0 ring mail
rPois    .         Spirit   .   (no helmet)
rElec    .         Reflect  .   (no cloak)
rCorr    .         Harm     .   (no gloves)
MR       .....                  (no boots)
Stlth    +.........             b - amulet of inaccuracy (curse)
HPRegen  0.13/turn              (no ring)
MPRegen  0.10/turn              (no ring)

@: constricted
A: sturdy frame 1
a: Depart the Abyss, Renounce Religion


You were on level 3 of the Dungeon.
You worshipped Lugonu.
Lugonu was aware of your devotion.
You were not hungry.

You visited 1 branch of the dungeon, and saw 3 of its levels.
You visited the Abyss 1 time.

You collected 52 gold pieces.

Inventory:

Hand Weapons
 a - a +2 falchion (weapon)
Missiles
 d - 75 stones (quivered)
Armour
 e - a +0 ring mail (worn)
Jewellery
 b - a cursed amulet of inaccuracy (around neck)
 f - an uncursed amulet of rage
Scrolls
 g - 2 scrolls of identify
Potions
 h - a potion of haste
Comestibles
 c - 5 rations


   Skills:
 + Level 3.6 Fighting
 + Level 3.0 Long Blades
 + Level 2.6 Armour
 * Level 2.2 Dodging
 + Level 0.1 Stealth
 + Level 2.8 Invocations


You had 4 spell levels left.
You didn't know any spells.
Your spell library was empty.

Dungeon Overview and Level Annotations

Branches:
Dungeon (3/15)

Altars:
Fedhas

Annotations:
D:2 Sigmund


Innate Abilities, Weirdness & Mutations

Your movements are slightly less encumbered by armour. (ER -2)


Message History

You miss something. Something hits you. Something hits you.
There is a stone staircase leading down, spattered with blood here.
You can't go up here!
You feel less confused.
You climb downwards.
A ball python comes into view.
The ball python hisses angrily.
There is a stone staircase leading up here.
Something hits you! Something hits you!
* * * LOW HITPOINT WARNING * * *
Something hits you!
* * * LOW HITPOINT WARNING * * *
You closely miss the ball python. The ball python barely misses you.
The ball python grabs you.
* * * LOW HITPOINT WARNING * * *
The ball python constricts you. Something hits you.
You die...

...........#
..........# #
###........# ..
##.........#
#..#.........##
#............#
#...........#
###....S<.....#
.......@.....##
..###...#...##
#########


You could see a ball python.

Vanquished Creatures
  Jessica (D:2)
  Natasha (D:2)
  3 gnolls (D:2)
  An adder (D:2)
  3 oozes
  2 worms (D:2)
  A leopard gecko (D:1)
  2 bats
  2 giant cockroaches
  5 goblins
  4 hobgoblins
  5 kobolds (D:1)
  A ball python (D:2)
  2 frilled lizards (D:2)
  A giant cockroach zombie (D:2)
  2 rats
36 creatures vanquished.

Notes
Turn   | Place    | Note
-------+----------+-------------------------------------------
     0 | Abyss:1  | EloyTheNewbi the Demonspawn Abyssal Knight began the quest for the Orb.
     0 | Abyss:1  | Reached XP level 1. HP: 18/18 MP: 2/2
    48 | Abyss:1  | Noticed a quasit
    61 | D:1      | Escaped the Abyss
   189 | D:1      | Reached skill level 1 in Dodging
   352 | D:1      | Gained mutation: Your movements are slightly less encumbered by armour. (ER -2) [demonic ancestry]
   352 | D:1      | Reached XP level 2. HP: 24/24 MP: 3/3
   697 | D:1      | Reached * piety under Lugonu
  1181 | D:2      | Reached XP level 3. HP: 22/29 MP: 5/5
  1457 | D:2      | Reached XP level 4. HP: 21/35 MP: 6/6
  1758 | D:2      | Noticed Sigmund
  2115 | D:2      | Noticed Jessica
  2134 | D:2      | Killed Jessica
  2165 | D:2      | Found a blossoming altar of Fedhas.
  2506 | D:2      | Noticed Natasha
  2514 | D:2      | Killed Natasha
  2514 | D:2      | Reached XP level 5. HP: 36/41 MP: 7/7
  2784 | D:3      | HP: 2/41 [ball python (1)]
  2784 | D:3      | Slain by Sigmund

Vault maps used:
D:1:      sevenhm_arrival_forest_fort_large_4
D:2:      serial_glass, glass_columns_b, glass_columns_c,
          fedhas_altar_fruit_tree, uniq_jessica, uniq_sigmund, uniq_natasha
D:3:      first_ration

Skill      XL: |  1  2  3  4 |
---------------+-------------+-----
Dodging        | 1 2 |  2.2
Armour         | 2 |  2.6
Long Blades    | 2 3 |  3.0
Fighting       | |  3.6
Stealth        | |  0.1
Invocations    | |  2.8

Action                   |  1- 3 |  4- 6 || total
-------------------------+-------+-------++-------
Melee: Falchion          |    82 |    78 ||   160
Invok: Depart the Abyss  |     1 |       ||     1
  Use: Scroll            |     3 |     3 ||     6
  Eat: Ration            |     1 |     1 ||     2
       Chunk             |       |     1 ||     1
Armor: Leather armour    |     5 |       ||     5
       Ring mail         |    25 |    21 ||    46
Dodge: Dodged            |    54 |    35 ||    89
       Rpst.: Falchion   |    16 |     6 ||    22

Table legend:
 A = Spawn XP
 B = Non-spawn XP
 C = Spawn XP percentage of total XP
 D = Spawn monster count
 E = Non-spawn monster count
 F = Spawn count percentage of total count
 G = Total turns spent on level
                    A         B        C        D         E        F      G
               +---------+---------+-------+---------+---------+-------+---------
         Total |       0 |     203 |   0.0 |       0 |      36 |   0.0 |  2784
               +---------+---------+-------+---------+---------+-------+---------
           D:1 |       0 |      39 |   0.0 |       0 |      15 |   0.0 |  1146
           D:2 |       0 |     164 |   0.0 |       0 |      21 |   0.0 |  1572
               +---------+---------+-------+---------+---------+-------+---------
